 Dungeon Crawl Stone Soup version 0.29.0-4-gdea44cf6ec (webtiles) character file.

Game seed: 16509375389532674750

35 Sasquatch13 the Magician (level 3, -8/28 HPs)
             Began as a Gnoll Wanderer on Aug 26, 2022.
             Mangled by a gnoll
             ... wielding a +0 halberd
              (9 damage)
             ... on level 2 of the Dungeon.
             The game lasted 00:17:59 (1801 turns).

Sasquatch13 the Magician (Gnoll Wanderer)           Turns: 1801, Time: 00:18:02

Health: -8/28      AC: 10    Str: 10    XL:     3   Next: 35%
Magic:  10/11      EV: 11    Int: 12    God:
Gold:   46         SH:  8    Dex: 19    Spells: 13/16 levels left

rFire   . . .      SeeInvis .   p - +0 short sword
rCold   . . .      Faith    .   r - +0 kite shield
rNeg    . . .      Spirit   .   g - +4 ring mail
rPois   .          Reflect  .   (helmet currently unavailable)
rElec   .          Harm     .   b - +0 cloak
rCorr   .          Rampage  .   (no gloves)
Will    .....                   (boots currently unavailable)
Stlth   +.........              (no amulet)
HPRegen 0.09/turn               h - +6 ring of dexterity
MPRegen 0.12/turn               q - ring of flight

@: appendages, flying
A: horns 2, talons 2, fangs 1, strong nose, distributed training
a: End Transformation


You were on level 2 of the Dungeon.
You had temporarily grown beastly horns and talons.
You visited 1 branch of the dungeon, and saw 2 of its levels.

You collected 46 gold pieces.

Inventory:

Hand Weapons
 a - a +0 dagger
 p - a +0 short sword (weapon)
Missiles
 i - 13 stones
 t - a throwing net
Armour
 b - a +0 cloak (worn)
 d - a +0 robe
 f - a +0 ring mail
 g - a +4 ring mail (worn)
 r - a +0 kite shield (worn)
 s - a +0 robe
Jewellery
 h - a +6 ring of dexterity (left hand)
 q - a ring of flight (right hand)
Scrolls
 e - a scroll of teleportation
 j - 2 scrolls of enchant armour {unknown}
 k - a scroll of noise {unknown}
 l - a scroll of immolation {unknown}
 o - a scroll of identify {unknown}
Potions
 c - a potion of berserk rage
 m - 2 potions of haste {unknown}
 n - a potion of might {unknown}


   Skills:
 + Level 2.6 Fighting
 + Level 0.8 Short Blades
 + Level 0.8 Long Blades
 + Level 0.8 Axes
 + Level 0.8 Maces & Flails
 + Level 0.8 Polearms
 + Level 0.8 Staves
 + Level 0.8 Ranged Weapons
 + Level 0.8 Throwing
 + Level 0.8 Armour
 + Level 6.5 Dodging
 + Level 0.8 Stealth
 + Level 0.8 Shields
 + Level 2.6 Unarmed Combat
 + Level 7.1 Spellcasting
 + Level 0.5 Conjurations
 + Level 0.5 Hexes
 + Level 0.5 Summonings
 + Level 0.5 Necromancy
 + Level 0.5 Translocations
 + Level 3.7 Transmutations
 + Level 0.5 Fire Magic
 + Level 0.5 Ice Magic
 + Level 0.5 Air Magic
 + Level 0.5 Earth Magic
 + Level 0.5 Poison Magic
 + Level 1.0 Invocations
 + Level 0.8 Evocations


You had 13 spell levels left.
You knew the following spells:

 Your Spells              Type           Power      Damage    Failure   Level
a - Beastly Appendage     Tmut           26%        N/A       30%         1
b - Wereblood             Tmut           13%        N/A       43%         2

Your spell library contained the following spells:

 Spells                   Type           Power      Damage    Failure   Level
 Petrify                  Tmut/Erth      9%         N/A       99%         4


Dungeon Overview and Level Annotations

Branches:
Dungeon (2/15)

Altars:
Sif Muna


Innate Abilities, Weirdness & Mutations

You have temporarily grown beastly horns and talons.
You have very sharp teeth.
Your uncanny sense of smell can sniff out nearby items.
Your experience applies equally to all skills.


Message History

You finish putting on your +0 kite shield.
You hit the quokka but do no damage. Your bite misses the quokka.
The quokka barely misses you. The gnoll barely misses you.
The gnoll hits you but does no damage. The quokka barely misses you.
You hit the quokka.
You kill the quokka!
The gnoll hits you but does no damage. x3; The gnoll barely misses you.
You hit the gnoll.
The gnoll is lightly wounded.
You block the gnoll's attack. x2
The gnoll hits you from afar with a +0 halberd.
You hit the gnoll.
The gnoll is moderately wounded.
The gnoll hits you from afar with a +0 spear.
The gnoll closely misses you. You block the gnoll's attack.
Unknown command.
Casting: Beastly Appendage (safe; 30% risk of failure)
Confirm with . or Enter, or press ? or * to list all spells.
You grow a pair of large bovine horns.
Your feet morph into talons.
You block the gnoll's attack. The gnoll barely misses you.
The gnoll hits you but does no damage. You block the gnoll's attack.
You hit the gnoll. You claw the gnoll, but do no damage.
The gnoll is heavily wounded.
The gnoll hits you but does no damage. x2; The gnoll closely misses you.
You block the gnoll's attack.
You closely miss the gnoll. Your kick misses the gnoll. You headbutt the gnoll.
The gnoll is almost dead.
The gnoll hits you but does no damage.
The gnoll hits you from afar with a +0 spear.
The gnoll barely misses you.
The gnoll hits you with a +2 flail of holy wrath.
* * * LOW HITPOINT WARNING * * *
You hit the gnoll but do no damage. You claw the gnoll, but do no damage.
You headbutt the gnoll.
You kill the gnoll!
The gnoll closely misses you. The gnoll hits you with a +0 whip.
* * * LOW HITPOINT WARNING * * *
You block the gnoll's attack. x2
The gnoll hits you from afar with a +0 halberd!
You die...

#.########..###### #.
#.##....≈♣≈......##..
###........≈..........>
#......................
##.#..≈..........≈......
#....≈≈..........≈≈.....
#........g.........g....
#......g................
#......@†g####..........
#.≈....).## ##.........
#.♣≈.....# #.....)≈..
#.≈.!....# #.....≈♣#.
#........# #......≈.
#......... ..........
#......... .........#.
#..........


You could see 3 gnolls.

Vanquished Creatures
  A gnoll (D:2)
  A dart slug (D:1)
  3 endoplasms
  3 giant cockroaches
  4 goblins
  A hobgoblin (D:2)
  4 quokkas
  A ball python (D:1)
  2 bats (D:1)
  6 frilled lizards
  3 kobolds
  4 rats
33 creatures vanquished.

Notes
Turn   | Place    | Note
-------+----------+-------------------------------------------
     0 | D:1      | Sasquatch13 the Gnoll Wanderer began the quest for the Orb.
     0 | D:1      | Sasquatch13 set off with the following items: a +0 dagger,
                  | a +0 cloak, a potion of berserk rage, a +0 robe, a scroll
                  | of teleportation; and the following spell memorised:
                  | Beastly Appendage; and the following spells available to
                  | memorise: Wereblood, Petrify.
     0 | D:1      | Reached XP level 1. HP: 17/17 MP: 8/8
   321 | D:1      | Reached XP level 2. HP: 23/23 MP: 10/10
   358 | D:1      | Found a faded altar of an unknown god.
  1373 | D:1      | Learned a level 2 spell: Wereblood
  1439 | D:2      | Found a shimmering blue altar of Sif Muna.
  1502 | D:2      | Reached XP level 3. HP: 27/28 MP: 11/11
  1772 | D:2      | Reached skill level 1 in Invocations
  1801 | D:2      | HP: 1/28 [gnoll/+0 whip (5)]
  1801 | D:2      | Mangled by a gnoll

Illustrated notes

Levels and vault maps discovered:
D:1:      roderic_crossed_star, layout_basic, basic_ecumenical_altar,
          minmay_3d_cube
D:2:      layout_rooms, basic_altar, minivault_26, kennysheep_decorative_pillar

Skill      XL: |  1  2  3 |
---------------+----------+-----
Invocations    | 1 |  1.0
Fighting       | |  2.6
Short Blades   | |  0.8
Long Blades    | |  0.8
Axes           | |  0.8
Maces & Flails | |  0.8
Polearms       | |  0.8
Staves         | |  0.8
Ranged Weapons | |  0.8
Throwing       | |  0.8
Armour         | |  0.8
Dodging        | |  6.5
Stealth        | |  0.8
Shields        | |  0.8
Unarmed Combat | |  2.6
Spellcasting   | |  7.1
Conjurations   | |  0.5
Hexes          | |  0.5
Summonings     | |  0.5
Necromancy     | |  0.5
Translocations | |  0.5
Transmutations | |  3.7
Fire Magic     | |  0.5
Ice Magic      | |  0.5
Air Magic      | |  0.5
Earth Magic    | |  0.5
Poison Magic   | |  0.5
Evocations     | |  0.8

Action                   || total
-------------------------++-------
Melee: Dagger            ||   113
       Bite              ||    18
       Punch             ||     2
       Short sword       ||    34
       Kick              ||     2
       Headbutt          ||     2
 Cast: Beastly Appendage ||     2
Armor: Ring mail         ||    63
       Robe              ||     1
Dodge: Dodged            ||   122
Block: Kite shield       ||     8
